 Dungeon Crawl Stone Soup version 0.30.0-29-ga12c61a403 (webtiles) character file.

Game seed: 16356966896336323342

1005 Sabo the Chopper (level 8, -25/62 HPs)
             Began as a Formicid Monk on June 20, 2023.
             Was a Believer of Qazlal.
             Annihilated by an ogre
             ... wielding a +0 giant club
              (28 damage)
             ... on level 6 of the Dungeon on June 21, 2023.
             The game lasted 00:26:38 (5112 turns).

Sabo the Chopper (Formicid Monk)                    Turns: 5112, Time: 00:26:38

Health: -25/62     AC: 13    Str: 27    XL:     8   Next: 44%
Magic:  8/8        EV: 10    Int: 10    God:    Qazlal [**....]
Gold:   204        SH:  3    Dex: 16    Spells: 7/7 levels left

rFire   . . .        w - +6 trident of Astepp {freeze, rPois Will+ Str+3}
rCold   + + .        d - orb {light}
rNeg    . . .        y - +0 chain mail {rC+}
rPois   +            (helmet unavailable)
rElec   .            g - +2 cloak
rCorr   .            (no gloves)
SInv    +            q - +0 pair of boots
Will    +....        (no amulet) Stlth
                     b - ring of protection from cold
HPRegen 0.30/turn    a - +6 ring of strength
MPRegen 0.11/turn

%: no passive effects
@: glowing
A: permanent stasis, dig shafts and tunnels, antennae 3, four strong arms
a: Dig, Shaft Self, Renounce Religion, Upheaval


You were on level 6 of the Dungeon.
You worshipped Qazlal.
Qazlal was pleased with you.
You visited 2 branches of the dungeon, and saw 7 of its levels.

You collected 204 gold pieces.

Inventory:

Hand Weapons
 m - a +1 falchion of electrocution
 s - a +3 heavy war axe
 v - a +0 sling
 w - the +6 trident of Astepp (weapon) {freeze, rPois Will+ Str+3}
   (You found it on level 5 of the Dungeon)

   Str:       It affects your strength (+3).
   rPois:     It protects you from poison.
   Will:      It increases your willpower.
Missiles
 l - 4 poisoned darts
Armour
 d - an orb of light (worn)
 g - a +2 cloak (worn)
 q - a +0 pair of boots (worn)
 y - a +0 chain mail of cold resistance (worn)
Jewellery
 a - a +6 ring of strength (right hand)
 b - a ring of protection from cold (left hand)
 r - a ring of ice
 B - an amulet of magic regeneration
Wands
 x - a wand of quicksilver (1)
 C - a wand of mindburst (17)
Scrolls
 e - a scroll of magic mapping
 h - a scroll of fear
 k - a scroll of butterflies
Potions
 c - 2 potions of curing {unknown}
 f - 2 potions of heal wounds {unknown}
 i - 2 potions of mutation {unknown}
 j - a potion of haste {unknown}
 u - 2 potions of attraction {unknown}
 A - a potion of degeneration {unknown}


   Skills:
 + Level 5.0 Fighting
 + Level 6.5(6.8) Axes
 + Level 2.8(5.1) Polearms
 + Level 4.2 Armour
 + Level 3.7 Dodging
 + Level 1.3 Stealth
 + Level 1.3 Shields


You had 7 spell levels left.
You didn't know any spells.
Your spell library contained the following spells:

 Spells                   Type           Power      Damage    Failure   Level
 Apportation              Tloc           0%         N/A       86%         1
 Poisonous Vapours        Pois/Air       0%         N/A       95%         2
 Ignite Poison            Fire/Tmut/Pois 0%         N/A       99%         3
 Mephitic Cloud           Conj/Pois/Air  0%         N/A       99%         3
 Ozocubu's Armour         Ice            0%         N/A       99%         3
 Freezing Cloud           Conj/Ice/Air   0%         6-21      100%        5
 Metabolic Englaciation   Hex/Ice        0%         N/A       100%        5
 Summon Forest            Summ/Tloc      0%         N/A       100%        5
 Simulacrum               Ice/Necr       0%         N/A       100%        6


Dungeon Overview and Level Annotations

Branches:
Dungeon (6/15)             Temple (1/1) D:4

Altars:
Dithmenos
Elyvilon
Gozag
Hepliaklqana
Kikubaaqudgha
Makhleb
Nemelex Xobeh
Qazlal
Ru
Sif Muna
Trog
Vehumet
Wu Jian
Xom
Yredelemnul
Zin
The Shining One

Shops:
D:1 :


Innate Abilities, Weirdness & Mutations

You cannot be hasted, slowed, berserked, paralysed or teleported.
You can dig through walls and to a lower floor.
You have a pair of large antennae on your head. (SInv)
Your four strong arms can wield two-handed weapons with a shield.


Message History

The orc warrior is heavily wounded.
The orc warrior barely misses you.
You hit the orc warrior. You freeze the orc warrior.
The orc warrior is heavily wounded.
The orc warrior completely misses you.
You puncture the orc warrior! You freeze the orc warrior.
You kill the orc warrior!
Qazlal accepts your kill.
Your Fighting skill increases to level 5!
You barely miss the orc. The orc hits you but does no damage.
You hit the orc. You freeze the orc.
The orc is severely wounded.
The orc misses you.
You puncture the orc! You freeze the orc.
You kill the orc!
Qazlal accepts your kill.
You hear an angry hiss.
You hit the orc. You freeze the orc.
You kill the orc!
Qazlal accepts your kill.
An iguana comes into view.
Items here: $ ))) [ †††.
The iguana bites you!
* * * LOW HITPOINT WARNING * * *
You barely miss the iguana.
The iguana bites you but does no damage.
An ogre comes into view. It is wielding a +0 giant club.
The ogre shouts!
You hit the iguana.
The iguana seems to slow down.
You freeze the iguana.
The iguana is lightly wounded.
The iguana closely misses you.
You hit the iguana.
The iguana seems to slow down.
You freeze the iguana.
The iguana is heavily wounded.
The iguana bites you but does no damage.
You puncture the iguana!
The iguana seems to slow down.
You freeze the iguana.
You kill the iguana!
Qazlal accepts your kill.
You see here an iguana corpse.
The ogre hits you with a +0 giant club!!
You die...

###.# ##.## ##.##
#.# #...###.#
#<....#.#
#...#.#.#
#####.#.# ###
######.#.#####...#
#.$.......)......#
......O@†#####...#
#.#####..# .##
#..# # .... ##..##
#... .... #.#..


You could see an ogre.

Vanquished Creatures
  Eustachio (D:5)
  An orc warrior (D:6)
  2 black bears
  A kobold brigand (D:6)
  A bullfrog (D:6)
  2 scorpions
  2 hounds (D:4)
  3 iguanas
  An orc wizard (D:4)
  3 adders
  3 gnolls (D:2)
  3 worms
  19 orcs
  3 bats
  7 endoplasms
  5 giant cockroaches
  5 hobgoblins
  12 jackals
  3 quokkas (D:2)
  10 ball pythons
  3 frilled lizards
  10 goblins
  11 kobolds
  7 rats
118 creatures vanquished.

Notes
Turn   | Place    | Note
-------+----------+-------------------------------------------
     0 | D:1      | Sabo the Formicid Monk began the quest for the Orb.
     0 | D:1      | Reached XP level 1. HP: 18/18 MP: 1/1
    38 | D:1      | Reached XP level 2. HP: 9/24 MP: 2/2
   269 | D:1      | Got the Secrets of Dislocated Combustion
   413 | D:1      | Found Ygodeuta's Book Emporium.
   525 | D:1      | Reached XP level 3. HP: 30/30 MP: 3/3
  1347 | D:2      | Reached XP level 4. HP: 35/37 MP: 4/4
  2213 | D:2      | Reached skill level 4 in Axes
  2213 | D:2      | Reached XP level 5. HP: 29/42 MP: 5/5
  2378 | D:3      | Reached skill level 1 in Armour
  2673 | D:3      | Noticed a black bear
  2700 | D:3      | Killed a black bear
  2701 | D:3      | Reached XP level 6. HP: 34/48 MP: 6/6
  3452 | D:4      | Found a staircase to the Ecumenical Temple.
  3464 | D:4      | Reached skill level 5 in Axes
  3512 | Temple   | Entered the Ecumenical Temple
  3623 | Temple   | Became a worshipper of Qazlal Stormbringer
  3623 | Temple   | Reached * piety under Qazlal
  3623 | Temple   | Reached ** piety under Qazlal
  3859 | D:4      | Reached XP level 7. HP: 55/55 MP: 7/7
  4212 | D:5      | Entered Level 5 of the Dungeon
  4234 | D:5      | Identified the +6 trident of Astepp {freeze, rPois Will+
                  | Str+3}
  4249 | D:5      | Noticed Eustachio
  4279 | D:5      | Killed Eustachio
  4511 | D:5      | Reached skill level 6 in Axes
  5045 | D:6      | Reached skill level 1 in Polearms
  5083 | D:6      | Reached skill level 1 in Stealth
  5083 | D:6      | Reached XP level 8. HP: 53/61 MP: 8/8
  5086 | D:6      | Reached skill level 1 in Shields
  5101 | D:6      | Reached skill level 5 in Fighting
  5106 | D:6      | HP: 1/62 [iguana (8)]
  5112 | D:6      | Annihilated by an ogre

Illustrated notes

Levels and vault maps discovered:
D:1:      sevenhm_arrival_forest_fort_large_4, layout_basic, serial_shops,
          nicolae_shop_tiny_waterfront
D:2:      layout_loops_cross, minmay_misc_feat_tower
D:3:      layout_loops_ring, serial_bayou_pond_a, kennysheep_big_empty_room
D:4:      layout_basic, minmay_temple_entry_stoned_glass, skrybe_limestone_x,
          feat_on_display
D:5:      layout_cave_pools, uniq_eustachio
D:6:      layout_loops_ring
Temple:   minmay_temple_bridge_d

Skill      XL: |  1  2  3  4  5  6  7  8 |
---------------+-------------------------+-----
Dodging        | 3 |  3.7
Fighting       | 4 5 |  5.0
Axes           | 4 5 6 |  6.5
Armour         | 2 3 4 |  4.2
Polearms       | 1 2 |  2.8
Stealth        | 1 |  1.3
Shields        | 1 |  1.3

Action                     |  1- 3 |  4- 6 |  7- 9 || total
---------------------------+-------+-------+-------++-------
  Melee: Hand axe          |    69 |   140 |       ||   209
         War axe           |       |    57 |    26 ||    83
         Trident           |       |       |    54 ||    54
    Use: Scroll            |       |     6 |     7 ||    13
         Potion            |       |       |     1 ||     1
 Armour: Robe              |     4 |       |       ||     4
         Ring mail         |    24 |    81 |       ||   105
         Chain mail        |       |    26 |    67 ||    93
  Dodge: Dodged            |    80 |   117 |    70 ||   267
  Block: Orb               |       |     1 |     8 ||     9
